 Dungeon Crawl Stone Soup version 0.27-a0-385-g3208abaabc (webtiles) character file.

Game seed: 10869433482359036235

3314 ReteAZ the Destroyer (level 9, -12/67 HPs)
             Began as a Demigod Conjurer on Feb 19, 2021.
             Mangled by a wolf spider zombie (14 damage)
             ... on level 8 of the Dungeon.
             The game lasted 00:14:39 (10467 turns).

ReteAZ the Destroyer (Demigod Conjurer)            Turns: 10467, Time: 00:14:39

Health: -12/67     AC:  7    Str:  8    XL:     9   Next: 43%
Magic:  7/21       EV: 12    Int: 32    God:
Gold:   408        SH:  0    Dex: 12    Spells: 9/20 levels left

rFire    + . .     SeeInvis .   z - +5 short sword (freeze)
rCold    . . .     Faith    .   (no shield)
rNeg     . . .     Spirit   .   a - +0 robe
rPois    .         Reflect  .   i - +2 helmet
rElec    .         Harm     .   (no cloak)
rCorr    .         Rampage  .   x - +0 pair of gloves
Will     .....                  j - +0 pair of boots
Stlth    ++........             (no amulet)
HPRegen  0.21/turn              y - ring of protection from fire
MPRegen  0.17/turn              (no ring)

@: no status effects
A: high mp 1
a: no special abilities


You were on level 8 of the Dungeon.
You visited 1 branch of the dungeon, and saw 8 of its levels.
You also visited: Sewer.

You collected 408 gold pieces.

Inventory:

Hand Weapons
 e - a +0 dagger
 g - a +0 spear
 l - a +0 great sword
 r - a +1 dagger of flaming
 z - a +5 short sword of freezing (weapon)
Armour
 a - a +0 robe (worn)
 i - a +2 helmet (worn)
 j - a +0 pair of boots (worn)
 x - a +0 pair of gloves (worn)
Jewellery
 y - a ring of protection from fire (left hand)
Wands
 A - a wand of paralysis (4)
 D - a wand of iceblast (11)
 E - a wand of random effects (11)
 F - a wand of digging (3)
Scrolls
 d - 2 scrolls of enchant armour {unknown}
 f - 11 scrolls of teleportation {unknown}
 h - 4 scrolls of identify {unknown}
 m - 3 scrolls of fear {unknown}
 t - a scroll of blinking {unknown}
 v - a scroll of random uselessness {unknown}
 w - 3 scrolls of enchant weapon {unknown}
 B - a scroll of noise {unknown}
Potions
 b - a potion of cancellation {unknown}
 c - 2 potions of degeneration {unknown}
 k - a potion of flight {unknown}
 n - 4 potions of curing {unknown}
 o - 3 potions of might {unknown}
 p - a potion of brilliance {unknown}
 q - 2 potions of ambrosia {unknown}
 s - 6 potions of mutation {unknown}
 u - a potion of attraction {unknown}
 C - a potion of lignification {unknown}
 G - a potion of heal wounds {unknown}


   Skills:
 + Level 1.7 Fighting
 + Level 2.7 Dodging
 - Level 1.7 Stealth
 - Level 6.0 Spellcasting
 - Level 10.0 Conjurations
 + Level 4.7 Translocations


You had 9 spell levels left.
You knew the following spells:

 Your Spells              Type           Power        Failure   Level
a - Magic Dart            Conj           100%         1%          1
b - Searing Ray           Conj           100%         1%          2
c - Iskenderun's Mystic   Conj/Tloc      54%          2%          4
d - Passage of Golubria   Tloc           N/A          6%          4

Your spell library contained the following spells:

 Spells                   Type           Power        Failure   Level
 Dazzling Flash           Conj/Hex       82%          1%          3
 Gell's Gravitas          Tloc           20%          1%          3
 Portal Projectile        Hex/Tloc       48%          5%          3
 Fulminant Prism          Conj/Hex       20%          6%          4
 Manifold Assault         Tloc           40%          6%          4
 Dispersal                Tloc           20%          69%         6
 Disjunction              Tloc           20%          100%        8


Dungeon Overview and Level Annotations

Branches:
Dungeon (8/15)             Temple (0/1) D:7           Sewer (visited)
   Lair: D:8-11

Shops:
D:6 *


Innate Abilities, Weirdness & Mutations

You have an increased reservoir of magic. (+10% MP)


Message History

The jelly quivers.
The searing ray hits the wolf spider zombie!
The wolf spider zombie is severely damaged.
The searing ray hits the wolf spider zombie.
The wolf spider zombie is severely damaged.
The wolf spider zombie closely misses you.
The wolf spider zombie bites you but does no damage.
The wolf spider zombie hits you!
The wolf spider zombie barely misses you.
The searing ray hits the wolf spider zombie!
The wolf spider zombie is severely damaged.
The searing ray hits the jelly!
The jelly is heavily wounded.
You finish channeling your searing ray.
The wolf spider zombie hits you! The wolf spider zombie bites you!
The wolf spider zombie hits you. The wolf spider zombie bites you.
The wolf spider zombie hits you! The wolf spider zombie bites you.
* * * LOW HITPOINT WARNING * * *
The wolf spider zombie hits you but does no damage.
The wolf spider zombie bites you but does no damage.
Casting: Searing Ray (safe; 1% risk of failure)
Confirm with . or Enter, or press ? or * to list all spells.
Aiming: Searing Ray (safe; 1% risk of failure)
Press: ? - help, Shift-Dir - straight line, f - jelly, p - wolf spider zombie
Aim: a jelly (heavily wounded, 0% to evade)
The searing ray hits the wolf spider zombie!
The wolf spider zombie is almost destroyed.
The searing ray hits the jelly!
You kill the jelly! (Press . to maintain the ray.)
The wolf spider zombie hits you!
* * * LOW HITPOINT WARNING * * *
The wolf spider zombie misses you.
The searing ray hits the wolf spider zombie!
The wolf spider zombie is almost destroyed.
The wolf spider zombie hits you.
* * * LOW HITPOINT WARNING * * *
The wolf spider zombie closely misses you.
The wolf spider zombie hits you!
You die...

#..#### .......
#..# ....... #..###
....... .......
..... ##.#### ..
... ...#####...
#'## #..........
#..# #†.......#
##Z## #........#
#@.# .........#
##.##
.........######.##
...............#..#
..............#...#
###..........#....#
#.........#.....#
#####....##.....#
####...#########


You could see a wolf spider zombie.

Vanquished Creatures
  Grinder (D:3)
  A water moccasin (D:7)
  Purgy (Sewer)
  2 orc warriors
  2 sky beasts (D:8)
  5 ogres
  2 centaurs (D:7)
  2 phantoms
  4 bullfrogs
  A wyvern skeleton (D:7)
  4 scorpions
  4 wights (D:6)
  3 howler monkeys
  A bullfrog zombie (D:8)
  A jelly (D:8)
  5 orc priests
  4 hounds
  A bullfrog skeleton (D:4)
  4 iguanas
  6 orc wizards
  6 worker ants
  8 adders
  5 gnolls
  A shadow imp (D:7)
  2 white imps
  An ufetubus (D:6)
  An ooze (D:4)
  3 adder skeletons
  3 worms
  2 dart slugs (D:2)
  3 leopard geckos
  35 orcs
  3 ball pythons
  4 bats
  5 giant cockroaches
  5 goblins
  7 hobgoblins
  8 jackals
  4 quokkas
  6 frilled lizards
  10 kobolds
  A quokka zombie (D:7)
  8 rats
185 creatures vanquished.

Notes
Turn   | Place    | Note
-------+----------+-------------------------------------------
     0 | D:1      | ReteAZ the Demigod Conjurer began the quest for the Orb.
     0 | D:1      | Reached XP level 1. HP: 14/14 MP: 5/5
  1228 | D:2      | Reached skill level 4 in Conjurations
  1228 | D:2      | Reached XP level 2. HP: 15/20 MP: 1/7
  1624 | D:2      | Reached XP level 3. HP: 25/26 MP: 1/9
  1840 | D:2      | Learned a level 2 spell: Searing Ray
  2333 | D:2      | Found a bloodstained altar of Trog.
  2933 | D:3      | Reached XP level 4. HP: 31/33 MP: 3/10
  3008 | D:3      | Found a glowing drain.
  3099 | D:3      | Reached skill level 5 in Conjurations
  3117 | Sewer    | Entered a sewer
  3289 | Sewer    | Noticed Purgy
  3299 | Sewer    | Killed Purgy
  3300 | Sewer    | Reached XP level 5. HP: 37/38 MP: 4/12
  3423 | D:3      | Noticed Grinder
  3537 | D:3      | Killed Grinder
  3538 | D:3      | Reached skill level 6 in Conjurations
  3538 | D:3      | Reached XP level 6. HP: 45/45 MP: 4/14
  3663 | D:3      | Found a shimmering altar of Xom.
  4398 | D:4      | Found a broken altar of Ashenzari.
  4418 | D:4      | Reached XP level 7. HP: 39/50 MP: 10/16
  4566 | D:4      | Reached skill level 7 in Conjurations
  4770 | D:4      | Learned a level 4 spell: Iskenderun's Mystic Blast
  4997 | D:4      | Reached skill level 1 in Translocations
  5208 | D:4      | Found a hide-covered altar of Uskayaw.
  5324 | D:5      | Entered Level 5 of the Dungeon
  5879 | D:5      | Reached skill level 8 in Conjurations
  6112 | D:5      | Found a hazy altar of Hepliaklqana.
  6176 | D:5      | Reached XP level 8. HP: 46/57 MP: 10/18
  6317 | D:5      | Found a glowing golden altar of the Shining One.
  6465 | D:5      | Reached skill level 5 in Spellcasting
  7087 | D:6      | Found Lum Adubupn's Assorted Antiques.
  7752 | D:6      | Reached skill level 9 in Conjurations
  8360 | D:7      | Learned a level 4 spell: Passage of Golubria
  8549 | D:7      | Reached XP level 9. HP: 18/62 MP: 14/21
  9656 | D:7      | Found an iron altar of Okawaru.
 10065 | D:7      | Found a staircase to the Ecumenical Temple.
 10103 | D:7      | Reached skill level 10 in Conjurations
 10285 | D:8      | Reached skill level 1 in Fighting
 10467 | D:8      | HP: 2/67 [wolf spider zombie (6)]
 10467 | D:8      | Mangled by a wolf spider zombie

Illustrated notes

Levels and vault maps discovered:
D:1:      minmay_arrival_stone_box, layout_loops_corners
D:2:      layout_basic, bloody_trog
D:3:      layout_loops_cross, cheibrodos_sewer_entry_drain,
          minmay_misc_feat_nine_boxes, xom_teletrap_fun, uniq_grinder
D:4:      layout_loops_cross, kennysheep_mini_moat, ashenzari_altar_1
D:5:      layout_loops_ring, nicolae_tso_swordbearing_angel,
          nzn_hepliaklqana_mist_gate, minmay_misc_feat_four_crosses,
          cheibrodos_gnoll_hut
D:6:      layout_basic, serial_shops, shop, hangedman_abyss_or_decor_lesser_grid
D:7:      layout_basic, okawaru_trees_2, minmay_temple_entry_trees
D:8:      layout_basic, old_standard_altar, nicolae_overflow_hidden_temple,
          lair_entry_dummy, hangedman_abyss_or_decor_jellyfish_corner,
          minivault_29, uniq_maggie

Skill      XL: |  1  2  3  4  5  6  7  8  9 |
---------------+----------------------------+-----
Spellcasting   | 2 3 4 5 6 |  6.0
Conjurations   | 4 5 6 8 9 10 | 10.0
Translocations | 2 3 4 |  4.7
Dodging        | 2 |  2.7
Fighting       | 1 |  1.7
Stealth        | |  1.7

Action                   |  1- 3 |  4- 6 |  7- 9 || total
-------------------------+-------+-------+-------++-------
Melee: Unarmed           |     4 |       |       ||     4
       Dagger            |     2 |       |     5 ||     7
       Spear             |     3 |       |       ||     3
       Great sword       |       |    16 |       ||    16
       Short sword       |       |       |     2 ||     2
 Cast: Magic Dart        |    94 |    87 |   285 ||   466
       Searing Ray       |       |     2 |    40 ||    42
       Iskenderun's Myst |       |       |    10 ||    10
 Stab: Sleeping          |     1 |       |       ||     1
Armor: Robe              |     1 |     8 |    17 ||    26
Dodge: Dodged            |    10 |    30 |    41 ||    81
       Rpst.: Great sword |       |     6 |       ||     6

Table legend: (Time is in decaauts)
 A = Elapsed time spent in this place.
 B = Non-inter-level travel time spent in this place.
 C = Inter-level travel time spent in this place.
 D = Time resting spent in this place.
 E = Time spent auto-exploring this place.
 F = Levels seen in this place.
 G = Mean time per level.
                   A        B        C        D        E       F      G
               +--------+--------+--------+--------+--------+-----+--------+
         Total |  10508 |  10177 |    331 |    682 |   8321 |   9 | 1167.6 |
       Dungeon |  10173 |   9842 |    331 |    682 |   8025 |   8 | 1271.6 |
         Sewer |    335 |    335 |      0 |      0 |    296 |   1 |  335.0 |
               +--------+--------+--------+--------+--------+-----+--------+

Top non-repeatable levels by time:
     D:7: 1771 daAuts
     D:2: 1593 daAuts
     D:6: 1520 daAuts
     D:5: 1425 daAuts
     D:3: 1286 daAuts
     D:1: 1222 daAuts
     D:4: 1159 daAuts
   Sewer: 335 daAuts
     D:8: 193 daAuts
